 Dungeon Crawl Stone Soup version 0.27.1-2-g3b301248ec (webtiles) character file.

Game seed: 15507622391913558491

87 Crownlay the Skirmisher (level 4, -6/40 (44) HPs)
             Began as a Hill Orc Fighter on Oct 3, 2021.
             Killed from afar by an orc wizard (7 damage)
             ... with a magic dart
             ... on level 3 of the Dungeon.
             The game lasted 00:05:59 (3005 turns).

Crownlay the Skirmisher (Hill Orc Fighter)          Turns: 3005, Time: 00:05:59

HP:   -6/40 (44)    AC:  6    Str: 19    XL:     4   Next: 51%
MP:   4/4           EV:  9    Int:  8    God:
Gold: 52            SH:  0    Dex: 10    Spells: 3/3 levels left

rFire    . . .     SeeInvis .   a - +0 war axe
rCold    . . .     Faith    .   (no shield)
rNeg     . . .     Spirit   .   b - +0 scale mail
rPois    .         Reflect  .   (no helmet)
rElec    .         Harm     .   (no cloak)
rCorr    .         Rampage  .   (no gloves)
Will     .....                  (no boots)
Stlth    ..........             (no amulet)
HPRegen  0.13/turn              (no ring)
MPRegen  0.09/turn              (no ring)

@: mighty, drained
A: no striking features
a: Convert to Beogh


You were on level 3 of the Dungeon.
You visited 1 branch of the dungeon, and saw 3 of its levels.

You collected 52 gold pieces.

Inventory:

Hand Weapons
 a - a +0 war axe (weapon)
Armour
 b - a +0 scale mail (worn)
 c - a +0 kite shield
Scrolls
 g - 3 scrolls of fear {unknown}
 h - a scroll of vulnerability {unknown}
 i - 3 scrolls of identify {unknown}
 j - 3 scrolls of acquirement {unknown}
 k - a scroll of noise {unknown}
 l - 2 scrolls of enchant armour {unknown}
 m - a scroll of holy word {unknown}
Potions
 e - a potion of mutation {unknown}
 f - a potion of brilliance {unknown}
 n - a potion of resistance {unknown}
 o - a potion of degeneration {unknown}


   Skills:
 + Level 6.2 Fighting
 - Level 2.6 Axes
 - Level 3.2 Armour
 - Level 3.2 Shields


You had 3 spell levels left.
You didn't know any spells.
Your spell library contained the following spells:

 Spells                   Type           Power      Damage    Failure   Level
 Dazzling Flash           Conj/Hex       0%         N/A       98%         3
 Agony                    Necr           0%         N/A       100%        5
 Silence                  Hex/Air        0%         N/A       100%        5


Dungeon Overview and Level Annotations

Branches:
Dungeon (3/15)

Altars:


Message History

The orc priest mumbles some strange prayers to Beogh against you.
Beogh smites you! The orc wizard barely misses you.
You miss the orc wizard.
The orc wizard points at you and mumbles some strange words.
The magic dart hits you!
The orc priest casts a cantrip, but nothing happens.
The orc wizard hits you but does no damage.
The orc priest shouts, "Surrender to Beogh and we'll let you live!"
The orc priest threatens, "By the altar or by the axe, you will meet Beogh!"
You hit the orc wizard but do no damage.
The orc wizard hits you but does no damage.
You hit the orc wizard.
The orc wizard is lightly wounded.
The orc wizard hits you but does no damage.
You hit the orc wizard.
The orc wizard is moderately wounded.
The orc wizard barely misses you.
The orc priest mumbles some strange prayers to Beogh against you.
Beogh smites you!
The orc wizard hits you with a +0 dagger.
You feel very mighty all of a sudden.
The orc wizard hits you with a +0 dagger.
You hit the orc wizard.
The orc wizard is moderately wounded.
The orc priest invokes the aid of Beogh against you.
Beogh smites you!
* * * LOW HITPOINT WARNING * * *
The orc wizard gestures at you while chanting.
You resist with some effort.
You closely miss the orc wizard.
The orc wizard is moderately wounded.
The orc wizard casts a spell.
The orc wizard flickers and vanishes!
Deactivating autopickup; reactivate with Ctrl-A.
You miss something.
The orc priest shouts, "Join the one true god or die!"
You hear some strange, mumbled words.
A magic dart appears from out of thin air!
The magic dart hits you!
You die...

########## .........#
.........# #
.........# .##.
.........# .....
#.........#####o....#
..##....#...@{o..#
#.# ##....####o.....
###.###.....## [.#..
#............## ##
###......#......#
...................
...# #
#.........#.##...
..........## #
#.......###.###..#
.#..........
#.......#
#....................


You could see an orc priest and 2 orcs.

Vanquished Creatures
  3 gnolls
  2 adders (D:2)
  A dart slug (D:1)
  2 orcs (D:3)
  6 bats
  5 endoplasms
  A giant cockroach (D:3)
  3 goblins
  2 hobgoblins (D:1)
  2 kobolds
  A quokka (D:2)
  A ball python (D:1)
  4 frilled lizards (D:2)
  5 rats
38 creatures vanquished.

Notes
Turn   | Place    | Note
-------+----------+-------------------------------------------
     0 | D:1      | Crownlay the Hill Orc Fighter began the quest for the Orb.
     0 | D:1      | Reached XP level 1. HP: 19/19 MP: 1/1
   253 | D:1      | Reached skill level 4 in Fighting
   341 | D:1      | Reached XP level 2. HP: 27/27 MP: 2/2
  1088 | D:1      | Reached skill level 5 in Fighting
  1088 | D:1      | Reached XP level 3. HP: 6/36 MP: 3/3
  2253 | D:2      | Reached XP level 4. HP: 38/38 MP: 4/4
  2263 | D:2      | Reached skill level 6 in Fighting
  3003 | D:3      | HP: 1/40 [orc priest/divine providence (12)]
  3005 | D:3      | Killed from afar by an orc wizard

Illustrated notes

Levels and vault maps discovered:
D:1:      kilobyte_arrival_exit_the_forest, layout_loops_cross
D:2:      layout_basic
D:3:      layout_rooms, st_stairs_7, grunt_ministairs_10

Skill      XL: |  1  2  3  4 |
---------------+-------------+-----
Fighting       | 4 5 6 |  6.2
Axes           | |  2.6
Armour         | |  3.2
Shields        | |  3.2

Action                   |  1- 3 |  4- 6 || total
-------------------------+-------+-------++-------
Melee: War axe           |    96 |    38 ||   134
  Use: Potion            |       |     1 ||     1
Armor: Scale mail        |    57 |    19 ||    76
Dodge: Dodged            |    62 |    30 ||    92
